 Dungeon Crawl Stone Soup version 0.31-a0-1059-g83d41fd8b6 (webtiles) character file.

Game seed: 3027954872779050624

36077 Ifr the Earth Mage (level 13, -2/73 HPs)
             Began as a Gargoyle Earth Elementalist on Nov 21, 2023.
             Was a High Priest of Hepliaklqana.
             Slain by a two-headed ogre
             ... wielding a +0 giant spiked club
              (6 damage)
             ... on level 2 of the Orcish Mines.
             The game lasted 00:46:58 (19041 turns).

Ifr the Earth Mage (Gargoyle Earth Elementalist)   Turns: 19041, Time: 00:46:59

Health: -2/73      AC: 18    Str: 11    XL:     13   Next: 87%
Magic:  38/38      EV: 12    Int: 34    God:    Hepliaklqana [*****.]
Gold:   899        SH:  0    Dex: 10    Spells: 10/27 levels left

rFire   + + .        l - staff of Saracimn {MP+9 Earth}
rCold   . . .        M - orb {*channel}
rNeg    + . .        x - +2 robe {rF+}
rPois   ∞            t - +0 helmet
rElec   +            S - +1 cloak
rCorr   .            X - +0 pair of gloves "Naawopt" {rF+ SInv}
SInv    +            Q - +0 pair of boots
Will    .....        p
                       - Hermit's Pendant {Faith Invo=14 Evo=0 MP+5}
Stlth   ++           h - +6 ring of intelligence
HPRegen 0.32/turn    P - +6 ring of intelligence
MPRegen 0.26/turn

%: faith, channel magic (20%)
@: very slightly contaminated, studying Evocations
A: reduced essence, sickness immunity, AC +9, negative energy resistance 1,
electricity resistance, torment resistance 1, petrification resistance
a: Renounce Religion, Recall Ancestor, Ancestor Identity, Transference, Idealise


You were on level 2 of the Orcish Mines.
You worshipped Hepliaklqana.
Hepliaklqana was extremely pleased with you.
You visited 3 branches of the dungeon, and saw 17 of its levels.
You also visited: Sewer.

You collected 1642 gold pieces.
You spent 743 gold pieces at shops.

Inventory:

Hand Weapons
 Z - a +1 quarterstaff of draining
Armour
 a - a +3 scale mail of cold resistance
 o - a +0 pair of gloves of hurling
 s - the +0 ring mail "Vicuilara" {+Inv Regen+ Dex-2}
   (You found it on level 13 of the Dungeon)

   Dex-2:     It affects your dexterity (-2).
   +Inv:      It lets you turn invisible.
   Regen+:    It increases your rate of health regeneration.
 t - a +0 helmet (worn)
 x - a +2 robe of fire resistance (worn)
 M - an orb of energy (worn)
 N - a +2 robe of positive energy
 Q - a +0 pair of boots (worn)
 S - a +1 cloak (worn)
 X - the +0 pair of gloves "Naawopt" (worn) {rF+ SInv}
   (You found it on level 9 of the Dungeon)

   rF+:       It protects you from fire.
   SInv:      It lets you see invisible.
Magical Staves
 l - the staff of Saracimn (weapon) {MP+9 Earth}
   (You took it off a centaur warrior on level 11 of the Dungeon)

   [staff of earth]

   Base accuracy: +5 Base damage: 5 Base attack delay: 1.2 This weapon's minimum
   attack delay (0.6) is reached at skill level 12.
   MP+9:      It affects your magic capacity (+9).
   Earth:     It increases the power of your Earth spells.
   It falls into the 'Staves' category.
   It is a one-handed weapon.
 E - a staff of air
Jewellery
 h - a +6 ring of intelligence (left hand)
 p - the Hermit's Pendant (around neck) {Faith Invo=14 Evo=0 MP+5}
   (You took it off an orc wizard on level 2 of the Dungeon)

   [amulet of faith]

   Invo=14: It sets your Invocations skill to 14.
   Evo=0: It sets your Evocations skill to 0.
   Faith:     It allows you to gain divine favour quickly.
   MP+5:      It affects your magic capacity (+5).
 H - a ring of see invisible
 O - a ring of resist corrosion
 P - a +6 ring of intelligence (right hand)
 W - a ring of flight
Wands
 d - a wand of iceblast (4)
 j - a wand of flame (35)
 q - a wand of mindburst (14)
 B - a wand of polymorph (9)
 F - a wand of quicksilver (12)
 L - a wand of charming (4)
Scrolls
 f - 4 scrolls of noise
 g - 2 scrolls of teleportation
 i - 5 scrolls of enchant armour
 k - 3 scrolls of vulnerability
 n - 2 scrolls of poison
 r - 5 scrolls of blinking
 y - a scroll of amnesia
 A - 4 scrolls of enchant weapon
 C - a scroll of summoning
 G - a scroll of torment
 K - a scroll of immolation
 Y - 3 scrolls of fear
Potions
 b - a potion of magic
 c - a potion of mutation {unknown}
 e - a potion of might {unknown}
 m - 2 potions of invisibility
 v - 4 potions of curing
 w - a potion of lignification {unknown}
 z - a potion of resistance {unknown}
 D - a potion of berserk rage
 I - 4 potions of degeneration
 J - a potion of ambrosia {unknown}
 R - a potion of attraction
 T - a potion of enlightenment
 U - a potion of haste {unknown}


   Skills:
 - Level 10.0 Fighting
 - Level 2.0 Dodging
 - Level 2.1 Stealth
 + Level 7.5 Spellcasting
 - Level 12.0 Conjurations
 - Level 1.0 Transmutations
 - Level 20.0 Earth Magic


You had 10 spell levels left.
You knew the following spells:

 Your Spells              Type           Power      Damage    Failure   Level
a - Bombard               Conj/Erth      55%        9d9       4%          6
c - Stone Arrow           Conj/Erth      100%       3d13      1%          3
d - Brom's Barrelling Bo  Conj/Erth      100%       2d11      1%          4
e - Petrify               Tmut/Erth      90%        N/A       3%          4

Your spell library contained the following spells:

 Spells                   Type           Power      Damage    Failure   Level
 Sandblast                Erth           100%       2d20      1%          1
 Passwall                 Tmut/Erth      75%        N/A       1%          2
 Lee's Rapid Deconstruct  Erth           61%        3d28*     1%          5
 Foxfire                  Conj/Fire      100%       2x1d9     2%          1
 Kiss of Death            Conj/Necr      100%       2d13      2%          1
 Leda's Liquefaction      Hex/Erth       44%        N/A       3%          4
 Confusing Touch          Hex            12%        N/A       26%         3
 Gell's Gravitas          Tloc           12%        N/A       26%         3
 Teleport Other           Tloc           12%        N/A       26%         3
 Dispel Undead            Necr           12%        3d9       56%         4
 Starburst                Conj/Fire      26%        6d8       63%         6
 Spellforged Servitor     Conj/Summ      26%        N/A       98%         7
 Dispersal                Tloc           6%         N/A       100%        6
 Plasma Beam              Fire/Air       6%         2x1d16    100%        6
 Monstrous Menagerie      Summ           6%         N/A       100%        7


Dungeon Overview and Level Annotations

Branches:
Dungeon (14/15)            Temple (1/1) D:7            Lair (0/5) D:11
    Orc (2/2) D:11            Elf (0/3) Orc:2         Sewer (visited)
 Vaults: D:13-14

Altars:
Ashenzari
Cheibriados
Dithmenos
Elyvilon
Fedhas
Gozag
Hepliaklqana
Kikubaaqudgha
Makhleb
Nemelex Xobeh
Okawaru
Qazlal
Ru
Sif Muna
Trog
Uskayaw
Vehumet
Wu Jian
Xom
Yredelemnul
Zin
The Shining One

Shops:
D:6 :   D:13 =   Orc:2 *

Annotations:
Orc:2 1 runed translucent door, Troll's ghost, journeyman HOFi


Innate Abilities, Weirdness & Mutations

Your life essence is reduced to manifest your ancestor. (-10% HP)
You are immune to sickness and miasma.
Your stone body is resilient. (AC +9)
You are immune to poison.
You resist negative energy. (rN+)
You are resistant to electric shocks. (rElec)
You are resistant to unholy torment.
You are immune to petrification.


Message History

Things that are here:
a +0 giant club; a +0 giant club; a +0 club
There is a stone staircase leading up here.
You climb upwards.
There is a stone staircase leading down here.
You start resting.
Branko emerges from the mists of memory!
You start resting.
Magic restored.
You climb downwards.
Level annotation: 1 runed translucent door, Troll's ghost, journeyman HOFi The two-headed ogre hits you with a +0 giant club!! x2
The two-headed ogre closely misses you.
The two-headed ogre hits you with a +0 giant club!
* * * LOW HITPOINT WARNING * * *
There is a stone staircase leading up here.
Unknown command.
You feel much better. The two-headed ogre misses you. x2
The two-headed ogre hits you with a +0 giant spiked club!
The two-headed ogre closely misses you.
Branko hits the two-headed ogre with a +0 dagger of draining.
You are too injured to fight recklessly!
Casting: Bombard (dangerous; 4% risk of failure)
Confirm with . or Enter, or press ? or * to list all spells.
Aiming: Bombard (dangerous; 4% risk of failure)
Press: ? - help, Shift-Dir - straight line, f - two-headed ogre
Aim: a two-headed ogre, wielding two +0 giant clubs (lightly wounded, ally target, 90% to hit)
You feel a surge of power!
You miscast Bombard.
You are very lightly contaminated with residual magic.
Nothing appears to happen.
Magical energy flows into your mind!
Branko hits the two-headed ogre with a +0 dagger of draining.
Branko drains the two-headed ogre.
The two-headed ogre closely misses you. x2
Branko hits the two-headed ogre with a +0 dagger of draining!
Branko drains the two-headed ogre.
Unknown command.
You swap places.
The ogre barely misses Branko.
The two-headed ogre hits you with a +0 giant spiked club!!
* * * LOW HITPOINT WARNING * * *
The two-headed ogre hits you with a +0 giant club.
You die...

...#.........)..............))...
.#......###...........)..........
#.......###.......)..))...#..##.#
##.##..##......#......)..........
###...#..............)..........
##.###.#..........)).....#....
### ##.#...#...)[........#..#
#######........O.[..)..##.#####
###.#.##......).@RO[......#.##
#................O.......#...##
....#..................#.#....#
#.####......###..............##
#.#.....##.##.##.............##
........#..#)(W#......#.......##
#R#........##+##.........##....#
#.####....................###.##
...# ##.#................## ###


You could see the friendly Branko the hexer, 2 two-headed ogres and an ogre.

Vanquished Creatures
  Jorgrun (Orc:2)
  Erolcha (D:12)
  3 ogre magi (Orc:2)
  2 boulder beetles
  2 centaur warriors (D:11)
  9 two-headed ogres
  Pikel (D:7)
  2 deep elf pyromancers
  An orc knight (D:11)
  A manticore (D:11)
  An ugly thing (D:13)
  The ghost of pzskc383 the Chopper, a novice GrFi (D:6)
  Maurice (D:9)
  A guardian serpent (shapeshifter) (D:11)
  Joseph (D:10)
  A gargoyle (D:12)
  Jeremiah (D:7)
  2 unseen horrors (D:11)
  An efreet (D:11)
  4 kobold demonologists
  Maggie (D:8)
  9 trolls
  A wolf spider simulacrum (D:13)
  Grinder (D:3)
  Sigmund (D:6)
  2 slime creatures (D:14)
  A shadow (D:11)
  2 steam dragons
  3 wraiths
  2 wyverns
  A basilisk (D:11)
  7 yaks
  3 vampire mosquitoes (D:10)
  Menkaure (D:5)
  An acid dragon (D:11)
  A warg (Orc:2)
  Pargi (Sewer)
  12 orc warriors
  2 ice beasts
  3 sky beasts
  18 ogres
  2 phantoms
  9 centaurs
  3 bullfrogs
  5 kobold brigands
  A scorpion (D:6)
  9 wights
  7 killer bees
  6 howler monkeys
  A hexer (D:11)
  2 hounds
  14 orc priests
  Crazy Yiuf (D:7)
  5 iguanas
  18 orc wizards
  Robin (D:2)
  10 gnolls
  9 adders
  A shadow imp (D:6)
  A white imp (D:6)
  An ufetubus (D:6)
  A worm (D:2)
  3 dart slugs
  55 orcs
  4 ball pythons
  11 endoplasms
  10 giant cockroaches
  11 hobgoblins
  23 kobolds
  8 quokkas
  2 bats
  4 frilled lizards
  12 goblins
  6 rats
366 creatures vanquished.

Vanquished Creatures (collateral kills)
  An ogre mage (Orc:2)
  2 two-headed ogres
  A boulder beetle (D:11)
  An ugly thing (D:12)
  2 cyclopes
  A kobold demonologist (D:11)
  An efreet (D:11)
  2 slime creatures (D:14)
  7 yaks
  A basilisk (D:14)
  An acid dragon (D:11)
  An orc warrior (D:11)
  4 ogres (Orc:2)
  A kobold brigand (D:10)
  2 orc wizards
  2 gnolls (Orc:2)
  5 orcs
  6 kobolds
  4 boulders
45 creatures vanquished.

Vanquished Creatures (others)
  7 hexers
  3 boulders
10 creatures vanquished.

Grand Total: 421 creatures vanquished

Notes
Turn   | Place    | Note
-------+----------+-------------------------------------------
     0 | D:1      | Ifr the Gargoyle Earth Elementalist began the quest for the
                  | Orb.
     0 | D:1      | Reached XP level 1. HP: 10/10 MP: 3/3
   194 | D:1      | Reached skill level 4 in Earth Magic
   262 | D:1      | Reached XP level 2. HP: 15/15 MP: 1/5
   911 | D:2      | Reached skill level 5 in Earth Magic
   911 | D:2      | Reached XP level 3. HP: 19/19 MP: 1/6
  1036 | D:2      | Learned a level 2 spell: Passwall
  1460 | D:1      | Reached skill level 6 in Earth Magic
  1460 | D:1      | Reached skill level 1 in Transmutations
  1460 | D:1      | Reached XP level 4. HP: 20/24 MP: 3/7
  1780 | D:2      | Reached skill level 1 in Fighting
  1780 | D:2      | Reached skill level 1 in Conjurations
  2039 | D:2      | Reached XP level 5. HP: 29/29 MP: 14/14
  2242 | D:3      | Noticed Robin
  2250 | D:2      | Killed Robin
  2422 | D:3      | Learned a level 3 spell: Stone Arrow
  2558 | D:2      | Reached XP level 6. HP: 24/34 MP: 16/16
  2622 | D:3      | Noticed Grinder
  3133 | D:4      | Found a blossoming altar of Fedhas.
  3134 | D:4      | Found a sacrificial altar of Ru.
  3136 | D:4      | Found a shimmering blue altar of Sif Muna.
  3138 | D:4      | Found a white marble altar of Elyvilon.
  3140 | D:4      | Found a snail-covered altar of Cheibriados.
  3140 | D:4      | Found a stormy altar of Qazlal.
  3140 | D:4      | Found a broken altar of Ashenzari.
  3140 | D:4      | Found a radiant altar of Vehumet.
  3140 | D:4      | Found an opulent altar of Gozag.
  3141 | D:4      | Found an ancient bone altar of Kikubaaqudgha.
  3142 | D:4      | Found a shimmering altar of Xom.
  3143 | D:4      | Found a sparkling altar of Nemelex Xobeh.
  3144 | D:4      | Found an ornate altar of the Wu Jian Council.
  3772 | D:3      | Found a bloodstained altar of Trog.
  4099 | D:5      | Entered Level 5 of the Dungeon
  4117 | D:5      | Reached XP level 7. HP: 41/41 MP: 9/17
  4241 | D:5      | Noticed Menkaure
  4245 | D:5      | Killed Menkaure
  4320 | D:5      | Reached skill level 5 in Fighting
  5212 | D:6      | Reached XP level 8. HP: 52/52 MP: 10/18
  5220 | D:6      | Found Vaomecviy's Book Shoppe.
  5257 | D:6      | Found a glowing drain.
  5272 | Sewer    | Entered a sewer
  5657 | Sewer    | Noticed Pargi
  5661 | Sewer    | Killed Pargi
  5764 | D:6      | Reached skill level 7 in Earth Magic
  5853 | D:6      | Noticed Sigmund
  5860 | D:6      | Found a glowing silver altar of Zin.
  5881 | D:6      | Killed Sigmund
  5882 | D:6      | Reached skill level 8 in Earth Magic
  6053 | D:6      | Found a runed translucent gate.
  6053 | D:6      | Found a runed translucent gate.
  6054 | D:6      | Found a runed translucent gate.
  6054 | D:6      | Noticed pzskc383's ghost (novice GrFi)
  6272 | D:6      | Noticed a wraith
  6276 | D:6      | Killed a wraith
  6277 | D:6      | Reached skill level 9 in Earth Magic
  6705 | D:6      | Reached skill level 10 in Earth Magic
  6705 | D:6      | Reached XP level 9. HP: 50/57 MP: 9/19
  6832 | D:7      | Found a staircase to the Ecumenical Temple.
  6836 | D:7      | Noticed Pikel
  6846 | Temple   | Entered the Ecumenical Temple
  6895 | Temple   | Became a worshipper of Hepliaklqana the Forgotten
  6922 | D:7      | Killed Pikel
  7442 | D:7      | Learned a level 4 spell: Brom's Barrelling Boulder
  7447 | D:7      | Learned a level 4 spell: Petrify
  7561 | D:7      | Reached skill level 10 in Fighting
  7595 | D:7      | Noticed Jeremiah
  7621 | D:7      | Killed Jeremiah
  7622 | D:7      | Reached XP level 10. HP: 54/68 MP: 2/20
  7779 | D:7      | Found a runed translucent door.
  7780 | D:7      | Noticed Crazy Yiuf
  7961 | D:7      | Killed Crazy Yiuf
  8148 | D:3      | Killed Grinder
  8419 | D:8      | Noticed Maggie
  8425 | D:8      | Killed Maggie
  9021 | D:8      | Reached * piety under Hepliaklqana
  9316 | D:9      | Noticed Maurice
  9319 | D:9      | Maurice stole a serpent talisman
  9321 | D:9      | Killed Maurice
  9322 | D:9      | Reached skill level 10 in Conjurations
  9754 | D:9      | Noticed a kobold demonologist
  9759 | D:9      | Noticed an orange demon
  9778 | D:9      | Killed a kobold demonologist
  9779 | D:9      | Reached skill level 11 in Earth Magic
 10104 | D:9      | Identified the +0 pair of gloves "Naawopt" {rF+ SInv}
 10464 | D:9      | Reached ** piety under Hepliaklqana
 10465 | D:9      | Remembered your ancestor Branko as a hexer
 10650 | D:9      | Reached skill level 12 in Earth Magic
 10650 | D:9      | Reached XP level 11. HP: 64/64 MP: 14/21
 10756 | D:10     | Entered Level 10 of the Dungeon
 11066 | D:10     | Reached skill level 13 in Earth Magic
 11213 | D:10     | Noticed Joseph
 11222 | D:10     | Killed Joseph
 11567 | D:10     | Reached skill level 14 in Earth Magic
 11762 | D:10     | Found a glowing golden altar of the Shining One.
 11935 | D:11     | Noticed a boulder beetle
 11946 | D:11     | Killed a boulder beetle
 12081 | D:11     | Noticed a two-headed ogre
 12086 | D:11     | Killed a two-headed ogre
 12088 | D:11     | Found a snail-covered altar of Cheibriados.
 12098 | D:11     | Noticed a cyclops
 12101 | D:11     | Killed a cyclops
 12102 | D:11     | Reached skill level 15 in Earth Magic
 12104 | D:11     | Found a staircase to the Lair.
 12423 | D:11     | Reached skill level 16 in Earth Magic
 12614 | D:11     | Reached *** piety under Hepliaklqana
 12660 | D:11     | You fall into a shaft and drop 3 floors!
 12751 | D:14     | Noticed a deep elf archer
 12851 | D:14     | Noticed a boulder beetle
 12862 | D:14     | Killed a boulder beetle
 12863 | D:14     | Reached XP level 12. HP: 69/69 MP: 15/22
 13236 | D:14     | Noticed a boulder beetle
 13246 | D:13     | Reached skill level 17 in Earth Magic
 13249 | D:13     | Identified the +0 ring mail "Vicuilara" {+Inv Regen+ Dex-2}
 13299 | D:13     | Found Seuxubyr's Jewellery Boutique.
 13320 | D:12     | Reached **** piety under Hepliaklqana
 13690 | D:12     | Noticed Erolcha
 13694 | D:12     | Killed Erolcha
 13853 | D:6      | Bought a book of the Earth for 540 gold pieces
 13861 | D:6      | Learned a level 6 spell: Bombard
 13888 | D:6      | Killed pzskc383's ghost
 14207 | D:11     | Noticed a boulder beetle
 14215 | D:11     | Killed a boulder beetle
 14216 | D:11     | Reached skill level 18 in Earth Magic
 14629 | D:11     | Noticed a two-headed ogre
 14632 | D:11     | Killed a two-headed ogre
 14914 | D:11     | Identified the staff of Saracimn {MP+9 Earth}
 14914 | D:11     | Noticed a centaur warrior
 14919 | D:11     | Reached skill level 19 in Earth Magic
 14920 | D:11     | Noticed a centaur warrior
 14921 | D:11     | Killed a centaur warrior
 15108 | D:11     | Killed a centaur warrior
 15207 | D:11     | Reached XP level 13. HP: 73/73 MP: 13/23
 15562 | D:11     | Found a staircase to the Orcish Mines.
 15582 | Orc:1    | Entered Level 1 of the Orcish Mines
 16003 | Orc:2    | Entered Level 2 of the Orcish Mines
 16136 | Orc:2    | Found a runed translucent door.
 16137 | Orc:2    | Found a shimmering altar of Xom.
 16137 | Orc:2    | Noticed Troll's ghost (journeyman HOFi)
 16171 | Orc:2    | Found Mouly's General Store.
 16561 | D:11     | Got the Atlas of the Familiar Brume
 17612 | D:12     | Reached ***** piety under Hepliaklqana
 17983 | Orc:2    | Bought a potion of heal wounds for 70 gold pieces
 17983 | Orc:2    | Bought a scroll of summoning for 133 gold pieces
 18017 | Orc:2    | Noticed Jorgrun
 18027 | Orc:2    | Killed Jorgrun
 18214 | Orc:2    | Reached skill level 20 in Earth Magic
 18370 | Orc:2    | Reached skill level 5 in Spellcasting
 18443 | Orc:2    | Found a staircase to the Elven Halls.
 18524 | Orc:2    | Paralysed by an ogre mage for 4 turns
 19041 | Orc:2    | Slain by a two-headed ogre

Illustrated notes

Levels and vault maps discovered:
D:1:      roderic_octagonal_star, layout_loops_ring
D:2:      layout_basic, grunt_decor_arrowhead, minivault_5, minmay_between
D:3:      layout_rooms, trog_hazing_becter, minmay_quadrilaterals, uniq_grinder,
          uniq_robin
D:4:      layout_gridville, minitemple, hangedman_decor_growths,
          corexii_hall_statues_u
D:5:      layout_basic, uniq_menkaure
D:6:      layout_cave_pools, zin_statuary, gup_sewer_entry_pipe, serial_shops,
          shop, ebering_ghost_rock_garden, chequers_garden, minmay_manual_moon,
          uniq_sigmund
D:7:      layout_rooms, minmay_temple_entry_glassed_door, uniq_jeremiah,
          uniq_pikel, uniq_crazy_yiuf_cottage
D:8:      layout_rooms, uniq_maggie
D:9:      layout_basic, kennysheep_generic_room_3, uniq_maurice
D:10:     layout_irregular_city, mainiacjoe_overflow_alcove_4, uniq_joseph
D:11:     minmay_the_grid_triangle_9x9_rhombus_full
          [minmay_the_grid_triangle_9x9_steps,
          minmay_the_grid_triangle_9x9_flanged_cone,
          minmay_the_grid_triangle_9x9_limited_checkers,
          minmay_the_grid_triangle_9x9_from_above,
          minmay_the_grid_triangle_9x9_pentomino_pain,
          minmay_the_grid_triangle_9x9_descending_squares,
          minmay_the_grid_triangle_9x9_thin_v,
          minmay_the_grid_triangle_9x9_prize_schism], layout_loops_ring,
          hiddenorc1_lemuel, cheibriados_altar_1
D:12:     layout_grid_maze, uniq_erolcha
D:13:     layout_gridville, david_vaults_5, serial_shops,
          nicolae_shop_gibbet_a_chance
D:14:     layout_basic, kennysheep_cross_landing, kennysheep_boxes
Temple:   hellmonk_temple_beads
Orc:1:    layout_caves
Orc:2:    st_orc_ogre_mass, layout_caves, serial_shops, shop, ebering_ghost_xom,
          uniq_jorgrun

Skill      XL: |  1  2  3  4  5  6  7  8  9 10 11 12 13 |
---------------+----------------------------------------+-----
Earth Magic    | 4 5 6 10 12 16 19 20 | 20.0
Transmutations | 1 |  1.0
Fighting       | 1 3 6 7 10 | 10.0
Conjurations   | 2 3 4 7 10 12 | 12.0
Spellcasting   | 3 7 |  7.5
Dodging        | 2 |  2.0
Stealth        | |  2.1

Action                     |  1- 3 |  4- 6 |  7- 9 | 10-12 | 13-15 || total
---------------------------+-------+-------+-------+-------+-------++-------
  Melee: Quarterstaff      |       |     6 |     1 |       |       ||     7
         Staff             |       |       |    11 |    20 |    10 ||    41
   Cast: Sandblast         |    43 |    96 |     7 |       |       ||   146
         Passwall          |     2 |       |       |       |       ||     2
         Stone Arrow       |       |    16 |   108 |   281 |    60 ||   465
         Brom's Barrelling |       |       |       |     8 |     4 ||    12
         Bombard           |       |       |       |       |    52 ||    52
 Invoke: Recall Ancestor   |       |       |       |     7 |     2 ||     9
         Ancestor Life: He |       |       |       |     1 |       ||     1
  Evoke: Wand              |       |       |     3 |       |       ||     3
    Use: Scroll            |       |     8 |     6 |     8 |       ||    22
         Potion            |       |       |     1 |       |     1 ||     2
   Stab: Sleeping          |       |       |     2 |       |       ||     2
 Armour: Robe              |    11 |    67 |    65 |   118 |    45 ||   306
  Dodge: Dodged            |    11 |    53 |    35 |    73 |    43 ||   215

Table legend: (Time is in decaauts)
 A = Elapsed time spent in this place.
 B = Non-inter-level travel time spent in this place.
 C = Inter-level travel time spent in this place.
 D = Time resting spent in this place.
 E = Time spent auto-exploring this place.
 F = Levels seen in this place.
 G = Mean time per level.
                   A        B        C        D        E       F      G
               +--------+--------+--------+--------+--------+-----+--------+
         Total |  19162 |  17531 |   1631 |   3238 |  10782 |  18 | 1064.6 |
       Dungeon |  16825 |  15284 |   1541 |   2348 |   9860 |  14 | 1201.8 |
        Temple |    266 |    220 |     46 |    179 |      0 |   1 |  266.0 |
  Orcish Mines |   1601 |   1557 |     44 |    593 |    604 |   2 |  800.5 |
         Sewer |    469 |    469 |      0 |    118 |    318 |   1 |  469.0 |
               +--------+--------+--------+--------+--------+-----+--------+

Top non-repeatable levels by time:
    D:11: 3141 daAuts
     D:2: 1665 daAuts
     D:9: 1582 daAuts
    D:10: 1333 daAuts
     D:5: 1298 daAuts
     D:6: 1265 daAuts
    D:12: 1191 daAuts
     D:4: 1006 daAuts
   Orc:2: 1001 daAuts
     D:8: 979 daAuts
     D:7: 951 daAuts
     D:1: 939 daAuts
     D:3: 763 daAuts
   Orc:1: 599 daAuts
    D:14: 579 daAuts
